AoeStats
← ilia topuria

Black Forest

510868697Analyzed
3v3 RM · 19h ago on Oct 2, 2026· 40m 44s· 6 players
Game mode
Random Map
Map size
Normal (6 player)
Population
200
Speed
Normal
Resources
Standard
Victory
Conquest
Starting age
Dark Age
Ending age
Imperial Age
RankedLock teamsTeams togetherTeam positionsShared explorationLock speedFull tech treeHidden civsTurbo modeCheats
Victory
Defeat
🇹🇷 Japanese · Türkiye
1192
+9
🇹🇷 Mongols · Türkiye
1067
+14
🇹🇷 Turks · Türkiye
1040
+16
🇫🇷 Celts · France
1065
-14
🇧🇷 Goths · Brazil
1055
-14
🇪🇸 Franks · Spain
977
-11
Alcaz
BR_WO
11:22 Feudal Age
10:45 Loom
15:55 Castle Age
15:49 Double-Bit Axe
19:49 Horse Collar
21:49 Demolition Ship
22:11 Fishing Lines
24:15 Wheelbarrow
24:44 Gillnets
26:08 Bow Saw
26:00 Heavy Plow
26:23 Gold Mining
29:57 Imperial Age
28:08 Hand Cart
28:05 Forging
27:56 Scale Mail Armor
28:10 Squires
29:41 Coinage
29:12 Caravan
29:10 Man-at-Arms
30:56 Iron Casting
30:21 Scale Mail Armor
29:46 Long Swordsman
31:00 Perfusion
30:37 Elite Huskarl
32:16 Conscription
31:38 Onager
33:07 Crop Rotation
33:39 Anarchy
37:06 Blast Furnace
36:21 Chain Mail Armor
36:27 Chain Mail Armor
36:46 Heavy Scorpion
38:30 Chemistry
37:51 Ballistics
38:45 Two-Man Saw
39:59 Murder Holes
Ragismo
0:35 Loom
10:54 Feudal Age
14:16 Wheelbarrow
13:50 Fishing Lines
17:13 Castle Age
15:30 Stone Mining
18:30 Hand Cart
19:22 Gold Mining
19:20 Double-Bit Axe
20:54 Forging
24:20 Fishing Lines
26:11 Fletching
27:25 Squires
27:56 Town Watch
28:45 Gillnets
29:15 Bow Saw
29:42 Bodkin Arrow
29:48 Arson
32:03 Gold Shaft Mining
31:31 Padded Archer Armor
32:04 Husbandry
32:09 Scale Mail Armor
35:11 Imperial Age
33:27 Town Patrol
33:55 Leather Archer Armor
36:11 Iron Casting
35:52 Chain Mail Armor
35:43 Scale Barding Armor
36:12 Caravan
36:50 Conscription
38:03 Blast Furnace
37:34 Elite Throwing Axeman
38:17 Ordonnance Companies
40:12 Cavalier
41:25 Plate Mail Armor
41:15 Chain Barding Armor
EtZeL
1:03 Loom
11:35 Feudal Age
13:34 Town Watch
18:12 Double-Bit Axe
21:03 Castle Age
19:06 Horse Collar
23:27 Fletching
24:56 Bow Saw
28:17 Heavy Plow
30:39 Wheelbarrow
32:49 Fortified Wall
36:07 Imperial Age
33:51 Padded Archer Armor
34:30 Bodkin Arrow
35:00 Gold Mining
35:00 Stone Mining
35:18 Nomads
36:18 Gold Shaft Mining
36:08 Hand Cart
35:55 Town Patrol
38:02 Ballistics
39:13 Conscription
38:26 Elite Mangudai
39:25 Leather Archer Armor
39:37 Bracer
39:53 Scale Barding Armor
40:43 Hoardings
39:32 Capped Ram
41:26 Chemistry
40:38 Masonry
40:40 Forging
ilia topuria
9:39 Feudal Age
10:17 Loom
15:37 Castle Age
14:03 Double-Bit Axe
14:33 Horse Collar
16:29 Wheelbarrow
24:51 Town Watch
29:37 Imperial Age
27:17 Gold Mining
28:16 Gambesons
28:32 Squires
28:17 Arson
28:33 Scale Mail Armor
29:17 Caravan
29:34 Bow Saw
29:42 Hand Cart
29:43 Chain Mail Armor
29:14 Fishing Lines
29:42 Town Patrol
30:55 Plate Mail Armor
30:36 Forging
30:32 Heavy Plow
31:34 Two-Man Saw
30:12 Elite Samurai
30:55 Pikeman
32:37 Conscription
33:11 Iron Casting
32:49 Halberdier
35:53 Blast Furnace
reconquista.ad
2:07 Loom
12:06 Feudal Age
18:29 Castle Age
30:51 Imperial Age
29:18 Double-Bit Axe
29:15 Horse Collar
29:28 Gold Mining
31:22 Wheelbarrow
32:26 Fletching
33:12 Bodkin Arrow
34:41 Thumb Ring
35:02 Ballistics
34:44 Bracer
35:21 Padded Archer Armor
39:10 Leather Archer Armor
41:35 Ring Archer Armor
Connection lost

Rejoining the realm…

Still unreachable

The connection could not be restored.

Session expired

The server has moved on; the page needs a fresh start.